| TOP OF THE 1ST |
|
Charlotte Hornets batting - Pitching for Jacksonville Suns : LHP Stephen Hartery
|
|
Pitching: LHP Stephen Hartery
|
|
|
Batting: RHB Charles Stafford
|
0-0: Ball 1-0: Called Strike 1-1: Ground out 6-3 (Groundball, 6, EV 80.6 MPH)
|
|
Batting: RHB Juan Bonilla
|
0-0: Ball 1-0: Swinging Strike 1-1: Foul Ball, location: 2F 1-2: Ball 2-2: Ground out 5-3 (Groundball, 56S, EV 70.6 MPH)
|
|
Batting: RHB Ron Johnson
|
0-0: Ball 1-0: Ball 2-0: Called Strike 2-1: Ground out 4-3 (Groundball, 4M, EV 86.9 MPH)
|
| Top of the 1st over - 0 runs, 0 hits, 0 errors, 0 left on base; Charlotte 0 - Jacksonville 0 |
| BOTTOM OF THE 1ST |
|
Jacksonville Suns batting - Pitching for Charlotte Hornets : RHP Marcos Cortez
|
|
Pitching: RHP Marcos Cortez
|
|
|
Batting: RHB Lyle Brackenridge
|
0-0: Ball 1-0: Called Strike 1-1: Ground out U3 (Groundball, 3, EV 105.6 MPH)
|
|
Batting: SHB Joe Morales
|
0-0: Ball 1-0: Ball 2-0: Ground out 6-3 (Groundball, 6M, EV 85.6 MPH)
|
|
Batting: LHB Andy Carlton
|
0-0: Ball 1-0: Swinging Strike 1-1: Foul Ball, location: 2F 1-2: Strikes out swinging
|
| Bottom of the 1st over - 0 runs, 0 hits, 0 errors, 0 left on base; Charlotte 0 - Jacksonville 0 |
| TOP OF THE 2ND |
|
Charlotte Hornets batting - Pitching for Jacksonville Suns : LHP Stephen Hartery
|
|
Batting: RHB Tom Romano
|
0-0: Foul Ball, location: 2F 0-1: Ground out 5-3 (Groundball, 56, EV 86.9 MPH)
|
|
Batting: RHB Barry Lyons
|
0-0: Called Strike 0-1: Ball 1-1: Ball 2-1: Foul Ball, location: 2F 2-2: Strikes out swinging
|
|
Batting: LHB Jesus Diaz
|
0-0: Swinging Strike 0-1: Fly out, F8 (Flyball, 78S, EV 92.5 MPH)
|
| Top of the 2nd over - 0 runs, 0 hits, 0 errors, 0 left on base; Charlotte 0 - Jacksonville 0 |
| BOTTOM OF THE 2ND |
|
Jacksonville Suns batting - Pitching for Charlotte Hornets : RHP Marcos Cortez
|
|
Batting: RHB Edward Packard
|
0-0: Ball 1-0: Ball 2-0: Called Strike 2-1: Ball 3-1: Swinging Strike 3-2: Strikes out swinging
|
|
Batting: LHB Pete M O'Brien
|
0-0: Ball 1-0: Fly out, F8 (Flyball, 8RXD, EV 93.8 MPH)
|
|
Batting: LHB Dave Baker
|
0-0: Foul Ball, location: 2F 0-1: Ball 1-1: Ball 2-1: Foul Ball, location: 2F 2-2: Ground out 6-3 (Groundball, 6, EV 103.1 MPH)
|
| Bottom of the 2nd over - 0 runs, 0 hits, 0 errors, 0 left on base; Charlotte 0 - Jacksonville 0 |
| TOP OF THE 3RD |
|
Charlotte Hornets batting - Pitching for Jacksonville Suns : LHP Stephen Hartery
|
|
Batting: RHB Alvaro Espinoza
|
0-0: Ball 1-0: Called Strike 1-1: Foul Ball, location: 2F 1-2: Ball 2-2: Fly out, F9 (Line Drive, 9, EV 92.5 MPH)
|
|
Batting: SHB Jose Mota
|
0-0: Called Strike 0-1: Ground out 4-3 (Groundball, 34, EV 104.4 MPH)
|
|
Batting: RHB John O'Rear
|
0-0: Fly out, F6 (Popup, 56D, EV 60.6 MPH)
|
| Top of the 3rd over - 0 runs, 0 hits, 0 errors, 0 left on base; Charlotte 0 - Jacksonville 0 |
| BOTTOM OF THE 3RD |
|
Jacksonville Suns batting - Pitching for Charlotte Hornets : RHP Marcos Cortez
|
|
Batting: LHB Michael Kelly
|
0-0: Called Strike 0-1: Fly out, F8 (Line Drive, 8LD, EV 98.8 MPH)
|
|
Batting: LHB Donald Seeker
|
0-0: Ball 1-0: Called Strike 1-1: Called Strike 1-2: Foul Ball, location: 2F 1-2: Ball 2-2: Strikes out swinging
|
|
Batting: RHB Henry Powell
|
0-0: Ball 1-0: Ball 2-0: Foul Ball, location: 2F 2-1: Called Strike 2-2: Ball 3-2: Base on Balls
|
|
Batting: RHB Lyle Brackenridge
|
0-0: Foul Ball, location: 2F 0-1: Ball 1-1: Called Strike 1-2: Strikes out swinging
|
| Bottom of the 3rd over - 0 runs, 0 hits, 0 errors, 1 left on base; Charlotte 0 - Jacksonville 0 |
| TOP OF THE 4TH |
|
Charlotte Hornets batting - Pitching for Jacksonville Suns : LHP Stephen Hartery
|
|
Batting: RHB Charles Stafford
|
0-0: Ball 1-0: Ball 2-0: Ball 3-0: Called Strike 3-1: Base on Balls
|
|
Batting: RHB Juan Bonilla
|
0-0: Ball 1-0: Ball 2-0: Called Strike 2-1: Grounds into double play, 6-4-3 (Groundball, 6, EV 85.0 MPH)
|
|
Batting: RHB Ron Johnson
|
0-0: Ball 1-0: Called Strike 1-1: Foul Ball, location: 2F 1-2: Ball 2-2: Strikes out swinging
|
| Top of the 4th over - 0 runs, 0 hits, 0 errors, 0 left on base; Charlotte 0 - Jacksonville 0 |
| BOTTOM OF THE 4TH |
|
Jacksonville Suns batting - Pitching for Charlotte Hornets : RHP Marcos Cortez
|
|
Batting: SHB Joe Morales
|
0-0: Ball 1-0: Ground out U3 (Groundball, 34, EV 81.9 MPH)
|
|
Batting: LHB Andy Carlton
|
0-0: Ball 1-0: SINGLE (Flyball, 4D, EV 90.0 MPH)
|
|
Batting: RHB Edward Packard
|
0-0: Ball 1-0: Ball Andy Carlton steals 2nd base 2-0: Ground out U3 (Groundball, 34S, EV 86.9 MPH) Andy Carlton to third
|
|
Batting: LHB Pete M O'Brien
|
0-0: Ball 1-0: Ground out 5-3 (Groundball, 5, EV 95.0 MPH)
|
| Bottom of the 4th over - 0 runs, 1 hit, 0 errors, 1 left on base; Charlotte 0 - Jacksonville 0 |
| TOP OF THE 5TH |
|
Charlotte Hornets batting - Pitching for Jacksonville Suns : LHP Stephen Hartery
|
|
Batting: RHB Tom Romano
|
0-0: Foul Ball, location: 2F 0-1: Ball 1-1: Ball 2-1: Ball 3-1: Foul Ball, location: 2F 3-2: Strikes out swinging
|
|
Batting: RHB Barry Lyons
|
0-0: Ball 1-0: Swinging Strike 1-1: Foul Ball, location: 2F 1-2: Strikes out swinging
|
|
Batting: LHB Jesus Diaz
|
0-0: Called Strike 0-1: Foul Ball, location: 2F 0-2: Ball 1-2: Foul Ball, location: 2F 1-2: Ball 2-2: Strikes out swinging
|
| Top of the 5th over - 0 runs, 0 hits, 0 errors, 0 left on base; Charlotte 0 - Jacksonville 0 |
| BOTTOM OF THE 5TH |
|
Jacksonville Suns batting - Pitching for Charlotte Hornets : RHP Marcos Cortez
|
|
Batting: LHB Dave Baker
|
0-0: Ball 1-0: Swinging Strike 1-1: Swinging Strike 1-2: Ground out 6-3 (Groundball, 6, EV 81.9 MPH)
|
|
Batting: LHB Michael Kelly
|
0-0: Called Strike 0-1: Ball 1-1: Ball 2-1: Ground out 5-3 (Groundball, 5L, EV 101.3 MPH)
|
|
Batting: LHB Donald Seeker
|
0-0: Foul Ball, location: 2F 0-1: SINGLE (Line Drive, 8RS, EV 104.4 MPH)
|
|
Batting: RHB Henry Powell
|
0-0: Called Strike 0-1: Swinging Strike 0-2: Ball Wild Pitch! Donald Seeker to second 1-2: Strikes out looking
|
| Bottom of the 5th over - 0 runs, 1 hit, 0 errors, 1 left on base; Charlotte 0 - Jacksonville 0 |
| TOP OF THE 6TH |
|
Charlotte Hornets batting - Pitching for Jacksonville Suns : LHP Stephen Hartery
|
|
Batting: RHB Alvaro Espinoza
|
0-0: SINGLE (Line Drive, 78M, EV 105.0 MPH)
|
|
Batting: SHB Jose Mota
|
0-0: Fly out, F8 (Flyball, 8RD, EV 87.5 MPH)
|
|
Batting: RHB John O'Rear
|
0-0: Called Strike 0-1: Swinging Strike 0-2: Ball 1-2: Strikes out swinging
|
|
Batting: RHB Charles Stafford
|
0-0: Called Strike 0-1: Foul Ball, location: 2F 0-2: Ball Passed Ball! Alvaro Espinoza to second 1-2: Foul Ball, location: 2F 1-2: Ball 2-2: Fly out, F3 (Popup, 3SF, EV 80.0 MPH)
|
| Top of the 6th over - 0 runs, 1 hit, 0 errors, 1 left on base; Charlotte 0 - Jacksonville 0 |
| BOTTOM OF THE 6TH |
|
Jacksonville Suns batting - Pitching for Charlotte Hornets : RHP Marcos Cortez
|
|
Batting: RHB Lyle Brackenridge
|
0-0: SINGLE (Groundball, 6MD, EV 110.0 MPH)
|
|
Batting: SHB Joe Morales
|
0-0: Bunted foul 0-1: Bunt missed! 0-2: Foul Ball, location: 2F 0-2: Fielders Choice at 2nd, 4-6 (Groundball, 34D, EV 107.5 MPH)
|
|
Batting: LHB Andy Carlton
|
0-0: Called Strike 0-1: Ball 1-1: Called Strike 1-2: Foul Ball, location: 2F 1-2: Foul Ball, location: 2F 1-2: Ball 2-2: Fly out, F5 (Popup, 5SF, EV 87.5 MPH)
|
|
Batting: RHB Edward Packard
|
0-0: Ball 1-0: Ball 2-0: Called Strike 2-1: Ball 3-1: Base on Balls Joe Morales to second
|
|
Batting: LHB Pete M O'Brien
|
0-0: Ball 1-0: Foul Ball, location: 2F 1-1: Ball 2-1: Called Strike 2-2: Foul Ball, location: 2F 2-2: Ball 3-2: Reached on error, E6 (Groundball, 6M, EV 103.1 MPH) Joe Morales to third Edward Packard to second
|
|
Batting: LHB Dave Baker
|
0-0: Ball 1-0: Called Strike 1-1: Ball 2-1: SINGLE (Groundball, 6D, EV 108.8 MPH) Joe Morales scores Edward Packard to third Pete M O'Brien to second Runner from 3rd tries for Home, SAFE, throw by CF to home
|
|
Batting: LHB Michael Kelly
|
0-0: Called Strike 0-1: Swinging Strike 0-2: Ball 1-2: Ball 2-2: Foul Ball, location: 2F 2-2: Ball 3-2: Foul Ball, location: 2F 3-2: Strikes out looking
|
| Bottom of the 6th over - 2 runs, 2 hits, 1 error, 2 left on base; Charlotte 0 - Jacksonville 2 |
| TOP OF THE 7TH |
|
Charlotte Hornets batting - Pitching for Jacksonville Suns : LHP Stephen Hartery
|
|
Now in RF: Stanley Younger
|
|
|
Batting: RHB Juan Bonilla
|
0-0: Swinging Strike 0-1: Called Strike 0-2: Foul Ball, location: 2F 0-2: Ball 1-2: Ball 2-2: Fly out, F4 (Popup, 34, EV 62.5 MPH)
|
|
Batting: RHB Ron Johnson
|
0-0: Ball 1-0: Ball 2-0: Ball 3-0: Called Strike 3-1: Base on Balls
|
|
Batting: RHB Tom Romano
|
0-0: Called Strike 0-1: Called Strike 0-2: Fly out, F8 (Flyball, 8RM, EV 88.8 MPH)
|
|
Batting: RHB Barry Lyons
|
0-0: Fly out, F8 (Flyball, 89D, EV 92.5 MPH)
|
| Top of the 7th over - 0 runs, 0 hits, 0 errors, 1 left on base; Charlotte 0 - Jacksonville 2 |
| BOTTOM OF THE 7TH |
|
Jacksonville Suns batting - Pitching for Charlotte Hornets : RHP Marcos Cortez
|
|
Pitching: RHP Earl Weaver
|
|
|
Batting: LHB Donald Seeker
|
0-0: Called Strike 0-1: Fly out, F7 (Flyball, 7S, EV 83.8 MPH)
|
|
Batting: RHB Henry Powell
|
0-0: Ball 1-0: Ball 2-0: Ball 3-0: Called Strike 3-1: SINGLE (Groundball, 56D, EV 101.3 MPH)
|
|
Batting: LHB Stanley Younger
|
0-0: Fielders Choice at 2nd, 5-4 (Groundball, 5, EV 85.0 MPH)
|
|
Batting: SHB Joe Morales
|
0-0: Ball Stanley Younger steals 2nd base 1-0: Called Strike 1-1: Ball 2-1: Foul Ball, location: 2F 2-2: Strikes out swinging
|
| Bottom of the 7th over - 0 runs, 1 hit, 0 errors, 1 left on base; Charlotte 0 - Jacksonville 2 |
| TOP OF THE 8TH |
|
Charlotte Hornets batting - Pitching for Jacksonville Suns : LHP Stephen Hartery
|
|
Batting: LHB Jesus Diaz
|
0-0: Ball 1-0: Called Strike 1-1: Ball 2-1: Called Strike 2-2: SINGLE (Line Drive, 34, EV 109.4 MPH)
|
|
Batting: RHB Alvaro Espinoza
|
0-0: Called Strike 0-1: Ball 1-1: Called Strike 1-2: Foul Ball, location: 2F 1-2: Grounds into double play, 4-6-3 (Groundball, 34, EV 89.4 MPH)
|
|
Batting: SHB Jose Mota
|
0-0: Ball 1-0: Fly out, F3 (Popup, 3SF, EV 70.0 MPH)
|
| Top of the 8th over - 0 runs, 1 hit, 0 errors, 0 left on base; Charlotte 0 - Jacksonville 2 |
| BOTTOM OF THE 8TH |
|
Jacksonville Suns batting - Pitching for Charlotte Hornets : RHP Earl Weaver
|
|
Batting: LHB Andy Carlton
|
0-0: Ball 1-0: Called Strike 1-1: SINGLE (Flyball, 4D, EV 81.9 MPH)
|
|
Batting: RHB Edward Packard
|
0-0: Foul Ball, location: 2F 0-1: Ball 1-1: Fly out, F9 (Flyball, 89S, EV 95.6 MPH)
|
|
Batting: LHB Pete M O'Brien
|
0-0: Foul Ball, location: 2F 0-1: Ball 1-1: Ball 2-1: Ball 3-1: Base on Balls Andy Carlton to second
|
|
Batting: LHB Dave Baker
|
0-0: Ball 1-0: Swinging Strike 1-1: Swinging Strike 1-2: Strikes out swinging
|
|
Batting: LHB Michael Kelly
|
0-0: Swinging Strike 0-1: Swinging Strike 0-2: Ball 1-2: Strikes out swinging
|
| Bottom of the 8th over - 0 runs, 1 hit, 0 errors, 2 left on base; Charlotte 0 - Jacksonville 2 |
| TOP OF THE 9TH |
|
Charlotte Hornets batting - Pitching for Jacksonville Suns : LHP Stephen Hartery
|
|
Batting: RHB John O'Rear
|
0-0: Ball 1-0: Ball 2-0: Foul Ball, location: 2F 2-1: SINGLE (Groundball, 56D, EV 93.8 MPH)
|
|
Batting: RHB Charles Stafford
|
0-0: Called Strike 0-1: Ball 1-1: Ball 2-1: Ball 3-1: Base on Balls John O'Rear to second
|
|
Batting: RHB Juan Bonilla
|
0-0: Fly out, F8 (Flyball, 89M, EV 87.5 MPH) Runner from 2nd tags up, SAFE at 3rd with throw by CF
|
|
Batting: RHB Ron Johnson
|
0-0: Called Strike 0-1: SINGLE (Flyball, 9LS, EV 91.3 MPH) John O'Rear scores Charles Stafford to second
|
|
Batting: RHB Tom Romano
|
0-0: Called Strike 0-1: Ball 1-1: Foul Ball, location: 2F 1-2: Fielders Choice at 2nd, 6-4 (Groundball, 6, EV 90.0 MPH) Charles Stafford to third
|
|
Batting: RHB Barry Lyons
|
0-0: Ball 1-0: Ball 2-0: Ball 3-0: Called Strike 3-1: Called Strike 3-2: Foul Ball, location: 2F 3-2: Base on Balls Tom Romano to second
|
|
Batting: LHB Jesus Diaz
|
0-0: Called Strike 0-1: Foul Ball, location: 2F 0-2: Fly out, F8 (Flyball, 8RD, EV 85.6 MPH)
|
| Top of the 9th over - 1 run, 2 hits, 0 errors, 3 left on base; Charlotte 1 - Jacksonville 2 |
|